 Dungeon Crawl Stone Soup version 0.31-a0-217-g58bb5d79cf (webtiles) character file.

Game seed: 5168778880872401784

154 qw the Shooter (level 5, -14/30 HPs)
             Began as a Gargoyle Hexslinger on July 2, 2023.
             Demolished by an ogre
             ... wielding a +0 giant club
              (20 damage)
             ... on level 3 of the Dungeon.
             The game lasted 00:00:52 (2349 turns).

qw the Shooter (Gargoyle Hexslinger)                Turns: 2349, Time: 00:00:52

Health: -14/30     AC:  9    Str: 11    XL:     5   Next: 35%
Magic:  6/6        EV: 10    Int: 14    God:
Gold:   77         SH:  0    Dex: 14    Spells: 5/6 levels left

rFire   . . .        Y - +1 sling
rCold   . . .        (no shield)
rNeg    + . .        f - +0 ring mail
rPois   inf          (no helmet)
rElec   +            (no cloak)
rCorr   .            (no gloves)
SInv    .            (no boots)
Will    .....        (no amulet)
Stlth   +            (no ring)
HPRegen 0.25/turn    (no ring)
MPRegen 0.10/turn

%: no passive effects
@: about to teleport
A: sickness immunity, AC +4, negative energy resistance 1, electricity
resistance, torment resistance 1, petrification resistance
a: no special abilities


You were on level 3 of the Dungeon.
You visited 1 branch of the dungeon, and saw 3 of its levels.

You collected 77 gold pieces.


Innate Abilities, Weirdness & Mutations

You are immune to sickness and miasma.
Your stone body is resilient. (AC +4)
You are immune to poison.
You resist negative energy. (rN+)
You are resistant to electric shocks. (rElec)
You are resistant to unholy torment.
You are immune to petrification.


   Skills:
 - Level 2.1 Fighting
 - Level 5.0 Ranged Weapons
 + Level 0.4 Armour
 - Level 1.5 Dodging
 - Level 1.0 Spellcasting
 - Level 2.6 Hexes


You had 5 spell levels left.
You knew the following spells:

 Your Spells              Type           Power      Damage    Failure   Level
a - Slow                  Hex            32%        N/A       22%         1

Your spell library contained the following spells:

 Spells                   Type           Power      Damage    Failure   Level
 Inner Flame              Hex/Fire       4%         N/A       73%         3
 Portal Projectile        Hex/Tloc       8%         N/A       73%         3
 Cause Fear               Hex            4%         N/A       91%         4

Inventory:

Hand Weapons
 Y - a +1 sling (weapon)
Armour
 f - a +0 ring mail (worn)
Potions
 b - a potion of curing
 c - a potion of might {unknown}
 d - a potion of degeneration {unknown}
 e - a potion of mutation {unknown}

Dungeon Overview and Level Annotations

Branches:
Dungeon (3/15)

Altars:


Message History

The ogre shouts!
The sling bullet hits the ogre.
The ogre is lightly wounded.
You hear an angry hiss.
You hear a shout!
You shoot a sling bullet. The sling bullet hits the ogre.
The ogre is moderately wounded.
A bat comes into view.
The bat moves out of view.
You shoot a sling bullet. The sling bullet hits the ogre.
The ogre is moderately wounded.
The ogre hits you with a +0 giant club!!
Ouch! That really hurt!
You shoot a sling bullet.
The sling bullet hits the ogre but does no damage.
The ogre is moderately wounded.
You hear a shout!
The bat hits you but does no damage.
A hobgoblin comes into view.
You hear a shout!
You shoot a sling bullet. The sling bullet hits the ogre.
The ogre is heavily wounded.
The bat hits you but does no damage. The ogre misses you.
You shoot a sling bullet.
The sling bullet hits the ogre but does no damage.
The ogre is heavily wounded.
The bat hits you but does no damage. The ogre hits you with a +0 giant club!
The bat hits you but does no damage.
2348 ||| READING scroll of teleportation.
As you read the scroll of teleportation, it crumbles to dust.
You feel strangely unstable. The bat hits you but does no damage.
The ogre closely misses you.
You shoot a sling bullet.
The sling bullet hits the ogre but does no damage.
The ogre is heavily wounded.
The bat hits you but does no damage. x2
A gnoll comes into view. It is wielding a +0 club.
The hobgoblin closely misses you.
The ogre hits you with a +0 giant club!!
Ouch! That really hurt!
You die...

##.#..# ...##.#
..##.#
..#..########
####.##.........
####....##.#######.
#.......#..#
......g....#
.....bO@#..#
###g###.#### #.#
#.# #.# ..# ..# ..#


You could see an ogre, a gnoll, a hobgoblin and a bat.

Vanquished Creatures
  Natasha (thrice) (D:2)
  2 adders (D:2)
  A worm (D:2)
  A dart slug (D:3)
  5 ball pythons
  9 bats
  5 endoplasms
  3 giant cockroaches
  6 goblins
  4 hobgoblins
  A quokka (D:1)
  5 frilled lizards
  2 kobolds
  8 rats
55 creatures vanquished.

Notes
Turn   | Place    | Note
-------+----------+-------------------------------------------
     0 | D:1      | qw the Gargoyle Hexslinger began the quest for the Orb.
     0 | D:1      | Reached XP level 1. HP: 12/12 MP: 2/2
     0 | D:1      | 0 ||| qw: Version: 0.3-a-40-ge99b1a8
     0 | D:1      | 0 ||| qw: Game counter: 45
     0 | D:1      | 0 ||| qw: Melee chars always use a shield: true
     0 | D:1      | 0 ||| qw: God list: Okawaru
     0 | D:1      | 0 ||| qw: Allow faded altars: false
     0 | D:1      | 0 ||| qw: Do Orc after clearing Dungeon:15 true
     0 | D:1      | 0 ||| qw: Do second Lair branch before Depths: true
     0 | D:1      | 0 ||| qw: Lair rune preference: random
     0 | D:1      | 0 ||| qw: Goals: Normal
     0 | D:1      | 0 ||| PLANNING D:1-11
    15 | D:1      | 15 ||| Stepping ~*~*~tactically~*~*~ (water).
    97 | D:1      | Reached XP level 2. HP: 16/16 MP: 3/3
   258 | D:1      | Reached skill level 3 in Ranged Weapons
   517 | D:1      | Reached XP level 3. HP: 21/21 MP: 4/4
   903 | D:1      | 903 ||| UPGRADING to +0 leather armour.
   913 | D:1      | 913 ||| DROPPING +0 robe.
   914 | D:1      | 914 ||| READING scroll labelled SEMYFOPNOS.
   915 | D:1      | 915 ||| READING scroll labelled XOMIUDGHAIGG.
   916 | D:1      | 916 ||| READING scroll labelled IWKAMAT PA NEM.
   917 | D:1      | 917 ||| READING scroll labelled KUPHAE GUN REJ.
   918 | D:1      | 918 ||| DROPPING scroll of poison.
   998 | D:2      | Reached XP level 4. HP: 26/26 MP: 5/5
  1257 | D:2      | Noticed Natasha
  1271 | D:2      | HP: 4/26 [cerulean imp/+1 spear[Natasha] (3)]
  1272 | D:2      | Killed Natasha
  1273 | D:2      | Reached skill level 4 in Ranged Weapons
  1728 | D:2      | Noticed Natasha
  1739 | D:2      | HP: 4/26 [Natasha (7)]
  1741 | D:2      | Killed Natasha
  1742 | D:2      | Reached XP level 5. HP: 3/30 MP: 6/6
  1867 | D:2      | Noticed Natasha
  1869 | D:2      | 1869 ||| FLEEEEING.
  1870 | D:2      | 1870 ||| FLEEEEING.
  1872 | D:2      | 1872 ||| Stepping ~*~*~tactically~*~*~ (outnumbered).
  1884 | D:2      | HP: 5/30 [Natasha (3)]
  1885 | D:2      | Killed Natasha
  1886 | D:2      | Reached skill level 5 in Ranged Weapons
  2192 | D:2      | 2192 ||| UPGRADING to +0 ring mail.
  2202 | D:2      | 2202 ||| DROPPING +0 leather armour.
  2203 | D:2      | 2203 ||| READING scroll labelled PIOTOA AW XAIPN.
  2207 | D:2      | 2207 ||| DRINKING 2 fizzy golden potions.
  2208 | D:2      | 2208 ||| DRINKING 2 coppery potions.
  2209 | D:2      | 2209 ||| DROPPING potion of attraction.
  2341 | D:3      | Noticed an ogre
  2347 | D:3      | HP: 6/30 [ogre/+0 giant club (7)]
  2348 | D:3      | 2348 ||| READING scroll of teleportation.
  2349 | D:3      | Demolished by an ogre

Levels and vault maps discovered:
D:1:      sevenhm_arrival_forest_fort_small_4, layout_basic, amethyst_killhole
D:2:      layout_basic, minmay_misc_feat_columns, uniq_natasha
D:3:      minmay_recursive_quarters, layout_rooms, mainiacjoe_overflow_paths,
          minivault_4, kennysheep_generic_room_11

Skill      XL: |  1  2  3  4  5 |
---------------+----------------+-----
Ranged Weapons | 3 4 5 |  5.0
Fighting       | 2 |  2.1
Armour         | |  0.4
Dodging        | |  1.5
Spellcasting   | |  1.0
Hexes          | |  2.6

Action                     |  1- 3 |  4- 6 || total
---------------------------+-------+-------++-------
   Fire: Sling             |    95 |   116 ||   211
    Use: Scroll            |     4 |     2 ||     6
         Potion            |       |     2 ||     2
 Armour: Robe              |     8 |       ||     8
         Leather armour    |     4 |    13 ||    17
         Ring mail         |       |    10 ||    10
  Dodge: Dodged            |    22 |    36 ||    58

Table legend:
 A = Non-vault XP
 B = Vault XP
 C = Vault XP percentage of total XP
 D = Non-vault monster count
 E = Vault monster count
 F = Vault count percentage of total count
                 A         B        C        D         E       F
            +---------+---------+-------+---------+---------+-------
      Total |     185 |      35 |  15.9 |      54 |       1 |   1.8
            +---------+---------+-------+---------+---------+-------
        D:1 |      48 |       0 |   0.0 |      30 |       0 |   0.0
        D:2 |     128 |      35 |  21.5 |      20 |       1 |   4.8
        D:3 |       9 |       0 |   0.0 |       4 |       0 |   0.0
            +---------+---------+-------+---------+---------+-------
